 Dungeon Crawl Stone Soup version 0.20-a0-266-gdedccd6 (webtiles) character file.

1369 Leszczynek the Grappler (level 8, -14/42 HPs)
             Began as a Vine Stalker Wizard on Dec 5, 2016.
             Was an Initiate of Cheibriados.
             Demolished by an orc warrior
             ... wielding a +0 glaive
              (20 damage)
             ... on level 6 of the Dungeon.
             The game lasted 00:25:44 (5270 turns).

Leszczynek the Grappler (Vine Stalker Wizard)       Turns: 5270, Time: 00:25:45

Health: -14/42     AC:  7    Str: 14    XL:     8   Next: 65%
Magic:  0/13       EV: 16    Int: 19    God:    Cheibriados [......]
Gold:   268        SH:  0    Dex: 18    Spells: 3/13 levels left

rFire  . . .     SeeInvis +       - Unarmed
rCold  . . .     Gourm    .     t - +0 ring mail
rNeg   . . .     Faith    .     (no shield)
rPois  +         Spirit   +     b - +0 hat
rElec  .         Reflect  .     w - +0 cloak
rCorr  .         Harm     .     (no gloves)
MR     +....     Clarity  +     x - +0 pair of boots
Stlth  +++.......               (no amulet)
                                g - ring of wizardry
                                e - ring of poison resistance

@: agile, very slow
A: fangs 3, see invisible, clarity, poison resistance, regeneration 1, magic
shield, antimagic bite, no device heal 3, rot immunity
a: Bend Time, Renounce Religion


You were on level 6 of the Dungeon.
You worshipped Cheibriados.
Cheibriados was noncommittal.
You were hungry.

You visited 2 branches of the dungeon, and saw 7 of its levels.

You collected 340 gold pieces.
You spent 72 gold pieces at shops.

Inventory:

Missiles
 k - 10 javelins (quivered)
Armour
 b - a +0 hat (worn)
 t - a +0 ring mail (worn)
 w - a +0 cloak (worn)
 x - a +0 pair of boots (worn)
 D - a +0 buckler
Jewellery
 e - a ring of poison resistance (left hand)
 g - a ring of wizardry (right hand)
Wands
 A - a wand of digging (13/24)
Scrolls
 a - 2 scrolls of random uselessness {unknown}
 c - a scroll of magic mapping {unknown}
 i - 2 scrolls of noise {unknown}
 l - 3 scrolls of identify
 n - 4 scrolls of remove curse
 o - 2 scrolls of recharging
 r - 2 scrolls of teleportation
 s - 2 scrolls of blinking
 u - a scroll of enchant armour {unknown}
 y - a scroll of fear
 B - a scroll of immolation {unknown}
 C - 2 scrolls of amnesia {unknown}
Potions
 h - a potion of agility
 j - 3 potions of haste
 q - 2 potions of cure mutation {!q}
 v - 3 potions of curing
 z - a potion of ambrosia
Comestibles
 d - 2 bread rations
 m - 4 meat rations
 p - a slice of pizza


   Skills:
 - Level 4.0 Fighting
 - Level 1.5 Dodging
 - Level 2.4 Stealth
 + Level 3.5 Shields
 - Level 8.1 Unarmed Combat
 - Level 3.2 Spellcasting
 - Level 1.0 Conjurations
 - Level 1.0 Summonings
 - Level 1.0 Translocations


You had 3 spell levels left.
You knew the following spells:

 Your Spells              Type           Power        Failure   Level  Hunger
a - Magic Dart            Conj           #...         10%         1    None
b - Blink                 Tloc           N/A          14%         2    ##.....
c - Call Imp              Summ           #.......     14%         2    ##.....
q - Regeneration          Chrm/Necr      #.........   58%         3    ###....
w - Repel Missiles        Chrm/Air       #.....       26%         2    ##.....


Dungeon Overview and Level Annotations

Branches:
Dungeon (6/15)             Temple (1/1) D:6

Altars:
Ashenzari
Cheibriados
Dithmenos
Elyvilon
Fedhas
Gozag
Hepliaklqana
Kikubaaqudgha
Makhleb
Nemelex Xobeh
Okawaru
Qazlal
Ru
Sif Muna
Trog
Uskayaw
Vehumet
Xom
Yredelemnul
Zin
The Shining One

Shops:
D:4 *

Annotations:
D:1 gnoll (whip)
D:5 1 runed door


Innate Abilities, Weirdness & Mutations

You have razor-sharp teeth.
Your natural rate of healing is unusually fast.
When hurt, damage is shared between your health and your magic reserves.
Your bite disrupts and absorbs the magic of your enemies.
Potions and wands cannot restore your health.
You are immune to rotting.
You have supernaturally acute eyesight. (SInv)
You possess an exceptional clarity of mind.
Your system is resistant to poisons. (rPois)


Message History

You hit the orc warrior but do no damage.
You bite the orc warrior. You drain its power.
You feel invigorated.
The orc warrior is lightly wounded.
You hit the orc warrior but do no damage.
You bite the orc warrior. You drain its power.
You feel invigorated.
The orc warrior is moderately wounded.
You are feeling hungry.
The orc warrior closely misses you.
You barely miss the orc warrior.
You bite the orc warrior, but do no damage.
The orc warrior is moderately wounded.
The orc warrior closely misses you.
You hit the orc warrior but do no damage.
You bite the orc warrior. You drain its power.
You feel invigorated.
The orc warrior is moderately wounded.
You hit the orc warrior.
You bite the orc warrior, but do no damage.
The orc warrior is heavily wounded.
The orc warrior hits you with a glaive!!
You die...

.# #.##.#####.#### .#
#.##.##........ .#
#.##.##>##.#####.
.###.##.............
<.oo..........##.##
.###......###.##.# .#
##.......#.##o# .#
.........#.##o# #
.#.##.......#[##@##.#.#
.# ##....###.........#
## ##..........##.###
#.#####..#.#.# #.###..#
##..#.#[#
..####.......#
..........#..#
.#####......##


You could see an orc warrior and an orc.

Vanquished Creatures
  Duvessa (D:5)
  2 sky beasts
  A phantom (D:5)
  An ogre (D:6)
  A bullfrog (D:4)
  Dowan (D:5)
  A wyvern skeleton (D:6)
  A scorpion (D:4)
  A crimson imp (D:5)
  A jelly (D:6)
  4 orc wizards
  3 orc priests
  A hound (D:4)
  Jessica (D:2)
  An iguana (D:5)
  2 worker ants
  A killer bee zombie (D:6)
  6 adders
  4 shadow imps
  2 oozes
  An adder zombie (D:6)
  An adder skeleton (D:5)
  2 worms
  A dart slug (D:2)
  5 leopard geckos
  21 orcs
  7 bats
  5 giant cockroaches
  7 goblins
  4 hobgoblins
  13 jackals
  4 kobolds
  2 quokkas
  4 ball pythons
  2 frilled lizards
  A jackal skeleton (D:5)
  A quokka skeleton (D:5)
  7 rats
124 creatures vanquished.

Vanquished Creatures (collateral kills)
  Sigmund (D:2)
1 creature vanquished.

Grand Total: 125 creatures vanquished

Notes
Turn   | Place    | Note
-------+----------+-------------------------------------------
     0 | D:1      | Leszczynek the Vine Stalker Wizard began the quest for the Orb.
     0 | D:1      | Reached XP level 1. HP: 9/9 MP: 5/5
   117 | D:1      | Reached skill level 1 in Unarmed Combat
   368 | D:1      | Reached XP level 2. HP: 13/13 MP: 2/7
   538 | D:1      | Reached skill level 2 in Unarmed Combat
   861 | D:2      | Found a shattered altar of Ashenzari.
   900 | D:2      | Noticed Sigmund
  1077 | D:2      | Reached XP level 3. HP: 11/16 MP: 0/8
  1548 | D:2      | Noticed Jessica
  1594 | D:2      | Killed Jessica
  1594 | D:2      | Reached skill level 3 in Unarmed Combat
  1594 | D:2      | Gained mutation: Your natural rate of healing is unusually fast. [Vine Stalker growth]
  1594 | D:2      | Reached XP level 4. HP: 14/21 MP: 6/9
  1625 | D:2      | Learned a level 2 spell: Blink
  1628 | D:2      | Learned a level 2 spell: Call Imp
  1747 | D:2      | Reached skill level 4 in Unarmed Combat
  1840 | D:3      | Noticed a sky beast
  1979 | D:2      | Killed Sigmund
  1979 | D:2      | Reached skill level 5 in Unarmed Combat
  1979 | D:2      | Reached XP level 5. HP: 24/24 MP: 3/10
  2622 | D:3      | Reached XP level 6. HP: 18/28 MP: 6/11
  2715 | D:3      | Reached skill level 6 in Unarmed Combat
  2907 | D:3      | Killed a sky beast
  3081 | D:4      | Reached skill level 7 in Unarmed Combat
  3081 | D:4      | Reached XP level 7. HP: 16/32 MP: 12/12
  3373 | D:5      | Entered Level 5 of the Dungeon
  3417 | D:4      | Found Cuaf's General Store.
  3425 | D:4      | Bought a potion of curing for 36 gold pieces
  3425 | D:4      | Bought a scroll of teleportation for 36 gold pieces
  3531 | D:4      | Learned a level 3 spell: Regeneration
  3534 | D:4      | Learned a level 2 spell: Repel Missiles
  3542 | D:4      | Upgraded the game from 0.20-a0-263-g81abdfb to 0.20-a0-266-gdedccd6
  3637 | D:5      | Noticed Duvessa
  3637 | D:5      | Noticed Dowan
  3912 | D:5      | Gained mutation: You possess an exceptional clarity of mind. [potion of mutation]
  3912 | D:5      | Gained mutation: Your system is resistant to poisons. (rPois) [potion of mutation]
  3912 | D:5      | Gained mutation: You have supernaturally acute eyesight. (SInv) [potion of mutation]
  3913 | D:5      | noice
  3963 | D:5      | Reached skill level 8 in Unarmed Combat
  4005 | D:5      | Found a runed door.
  4074 | D:5      | Reached skill level 1 in Fighting
  4208 | D:5      | Killed Duvessa
  4208 | D:5      | Reached skill level 2 in Fighting
  4208 | D:5      | Gained mutation: You have razor-sharp teeth. [Vine Stalker growth]
  4208 | D:5      | Reached XP level 8. HP: 30/39 MP: 13/13
  4211 | D:5      | Killed Dowan
  4211 | D:5      | Reached skill level 3 in Fighting
  4560 | D:6      | Reached skill level 4 in Fighting
  4704 | D:6      | Reached skill level 1 in Shields
  4787 | D:6      | Reached skill level 2 in Shields
  4905 | D:5      | Reached skill level 3 in Shields
  5150 | D:6      | Found a staircase to the Ecumenical Temple.
  5157 | Temple   | Entered the Ecumenical Temple
  5229 | Temple   | Became a worshipper of Cheibriados the Contemplative
  5265 | D:6      | HP: 4/42 [orc warrior/glaive (14)]
  5270 | D:6      | Demolished by an orc warrior

Vault maps used:
D:1:      roderic_crossed_star
D:2:      minmay_door_path, evilmike_ruin_ashenzari, uniq_jessica, uniq_sigmund
D:3:      serial_curves, eino_curves_01, eino_curves_01, kennysheep_boxes
D:4:      serial_shops, shop, serial_bayou_pond_c
D:5:      first_bread, lemuel_statue_altar, uniq_crazy_yiuf_cottage,
          uniq_duvessa
Temple:   compressed_dpeg_circular_temple

Skill      XL: |  1  2  3  4  5  6  7  8 |
---------------+-------------------------+-----
Unarmed Combat | 1 2 3 5 7 8 |  8.1
Fighting       | 2 4 |  4.0
Shields        | 3 |  3.5
Dodging        | |  1.5
Stealth        | |  2.4
Spellcasting   | |  3.2
Conjurations   | |  1.0
Summonings     | |  1.0
Translocations | |  1.0

Action                   |  1- 3 |  4- 6 |  7- 9 || total
-------------------------+-------+-------+-------++-------
Melee: Unarmed           |    34 |   171 |   286 ||   491
       Bite              |     5 |    29 |    61 ||    95
       Punch             |       |     3 |     4 ||     7
 Cast: Magic Dart        |    74 |       |       ||    74
       Call Imp          |       |     4 |     2 ||     6
  Use: Potion            |       |     4 |     3 ||     7
       Scroll            |       |     3 |     5 ||     8
 Stab: Sleeping          |     1 |       |       ||     1
  Eat: Chunk             |     2 |     5 |     7 ||    14
Armor: Robe              |    15 |       |       ||    15
       Ring mail         |     4 |    54 |    81 ||   139
       Skin              |       |     8 |       ||     8
Dodge: Dodged            |    32 |    96 |    95 ||   223
